[Event "Turkish Second League 2019"]
[Site "Konya"]
[Date "2019.07.22"]
[Round "1"]
[White "Ekici, Kaan Muhammed"]
[Black "Ucucu, Salih"]
[Result "1-0"]
[ECO "C60"]
[WhiteElo "1744"]
[BlackElo "1819"]
[Annotator "NA"]
[PlyCount "81"]
[EventDate "2019.07.22"]
[EventType "team-tourn"]
[EventCountry "TUR"]
[SourceTitle "playchess.com"]
[Source "ChessBase"]
[SourceQuality "1"]
[TimeControl "5400+30"]

1. e4 e5 2. Nf3 Nc6 3. Bb5 g6 4. O-O Bg7 5. c3 Nge7 6. d4 exd4 7. cxd4 a6 8. Ba4 b5 9. Bb3 O-O 10. Re1 d6 11. a3 Bg4 12. Be3 d5 13. exd5 Nxd5 14. Nc3 Nxc3 15. bxc3 Na5 16. Ba2 c5 17. h3 Bxf3 18. Qxf3 c4 19. Bb1 Nb3 20. Ra2 Re8 21. Rae2 Ra7 22. Bc2 a5 23. Qc6 Qd7 24. Be4 Re6 25. Qd5 Qxd5 26. Bxd5 Rd6 27. Bf4 Re6 28. Bxe6 fxe6 29. Rxe6 b4 30. axb4 axb4 31. cxb4 Nxd4 32. Re7 Rxe7 33. Rxe7 Bf6 34. Re4 c3 35. Kf1 Nb3 36. Rc4 g5 37. Be3 Kf7 38. Ke2 Ke6 39. Rc6+ Kf5 40. Rxf6+ Kxf6 41. Kd3 1-0

[Event "Turkish Second League 2019"]
[Site "Konya"]
[Date "2019.07.22"]
[Round "1"]
[White "Zuberoglu, Ibrahim Berk"]
[Black "Isik, Burak Alp"]
[Result "1-0"]
[ECO "E06"]
[WhiteElo "1737"]
[BlackElo "1599"]
[Annotator "NA"]
[PlyCount "51"]
[EventDate "2019.07.22"]
[EventType "team-tourn"]
[EventCountry "TUR"]
[SourceTitle "playchess.com"]
[Source "ChessBase"]
[SourceQuality "1"]
[TimeControl "5400+30"]

1. Nf3 d5 2. c4 e6 3. g3 Nf6 4. Bg2 Be7 5. O-O O-O 6. d4 c6 7. Qc2 b6 8. Nbd2 Bb7 9. e4 h6 10. e5 Nh7 11. h4 Na6 12. a3 Nc7 13. Re1 c5 14. dxc5 bxc5 15. Nb3 dxc4 16. Na5 Bd5 17. Nxc4 Bxc4 18. Qxc4 Qd5 19. Qc2 Rab8 20. Ng5 hxg5 21. Bxd5 Nxd5 22. hxg5 Nxg5 23. Kg2 g6 24. Qa4 Kg7 25. Rh1 Rb7 26. Qh4 1-0

[Event "Turkish Second League 2019"]
[Site "Konya"]
[Date "2019.07.22"]
[Round "1"]
[White "Sekerci, Erdogan"]
[Black "Caner, Resul"]
[Result "1-0"]
[ECO "C01"]
[WhiteElo "1665"]
[BlackElo "1921"]
[Annotator "NA"]
[PlyCount "127"]
[EventDate "2019.07.22"]
[EventType "team-tourn"]
[EventCountry "TUR"]
[SourceTitle "playchess.com"]
[Source "ChessBase"]
[SourceQuality "1"]
[TimeControl "5400+30"]

1. e4 e6 2. Nf3 d5 3. exd5 exd5 4. d4 Bd6 5. h3 Ne7 6. Bd3 Nbc6 7. a3 O-O 8. Be3 Nf5 9. Bxf5 Bxf5 10. Nbd2 Qf6 11. O-O Rfe8 12. Re1 Be6 13. c3 h6 14. Nh2 Qg6 15. Kh1 Ne7 16. Ndf3 Nf5 17. Qc2 Qh5 18. Ne5 f6 19. Nd3 Nxe3 20. Rxe3 Qg6 21. Nf3 Qh5 22. Rae1 Bf5 23. Rxe8+ Rxe8 24. Rxe8+ Qxe8 25. Qd2 Qb5 26. Nfe1 a5 27. g4 Be4+ 28. f3 Bg6 29. Kg2 b6 30. Qe2 a4 31. h4 Qd7 32. h5 Bf7 33. f4 c5 34. f5 Qc7 35. Nf3 Kf8 36. Qd2 Be8 37. Qe3 Bb5 38. Nh4 Be8 39. Ng6+ Bxg6 40. hxg6 Qe7 41. Qxe7+ Kxe7 42. dxc5 bxc5 43. Kf3 Kd7 44. Ke3 Kc6 45. Nf2 Bg3 46. Nd3 Kb5 47. Kd2 Kc4 48. Kc2 d4 49. Nc1 Bc7 50. Nd3 Kd5 51. Nf2 Bg3 52. Nh3 Kc4 53. Ng1 d3+ 54. Kd1 Kb3 55. Nf3 Kxb2 56. Nd2 Bh4 57. Ne4 Kxa3 58. Nxc5 Bf2 59. Nxd3 Bb6 60. Kc2 Bc7 61. Nc5 Bd6 62. Ne6 Ka2 63. Nxg7 a3 64. Ne6 1-0

[Event "Turkish Second League 2019"]
[Site "Konya"]
[Date "2019.07.22"]
[Round "1"]
[White "Gozebe, Soner"]
[Black "Ozturk, Emir"]
[Result "0-1"]
[ECO "A42"]
[WhiteElo "1656"]
[BlackElo "2216"]
[Annotator "NA"]
[PlyCount "76"]
[EventDate "2019.07.22"]
[EventType "team-tourn"]
[EventCountry "TUR"]
[SourceTitle "playchess.com"]
[Source "ChessBase"]
[SourceQuality "1"]
[TimeControl "5400+30"]

1. e4 g6 2. d4 Bg7 3. c4 d6 4. Nc3 Nd7 5. Be3 e5 6. Nge2 Nh6 7. f3 f5 8. Qd2 Nf7 9. exf5 gxf5 10. f4 Nb6 11. b3 O-O 12. a4 Nd7 13. dxe5 dxe5 14. O-O-O c6 15. Ng3 exf4 16. Bxf4 Qf6 17. Kc2 Nc5 18. Be3 Rd8 19. Qe1 Rxd1 20. Nxd1 Qe7 21. Qf2 Ne4 22. Nxe4 fxe4 23. Bd4 Ne5 24. Qg3 Bf5 25. Ne3 Bg6 26. Be2 Nd3 27. Bxg7 Qxg7 28. Rb1 Nb4+ 29. Kd2 Qd4+ 30. Ke1 Rf8 31. Rc1 Qb2 32. Rd1 Qc3+ 33. Rd2 Rd8 34. Nf1 e3 35. Qxe3 Nc2+ 36. Kf2 Rf8+ 37. Qf3 Rxf3+ 38. Bxf3 Bd3 0-1

[Event "Turkish Second League 2019"]
[Site "Konya"]
[Date "2019.07.22"]
[Round "1"]
[White "Nesanir, Selin"]
[Black "Inac, Fatma Yaren"]
[Result "1-0"]
[ECO "B06"]
[WhiteElo "1622"]
[BlackElo "1032"]
[Annotator "NA"]
[PlyCount "69"]
[EventDate "2019.07.22"]
[EventType "team-tourn"]
[EventCountry "TUR"]
[SourceTitle "playchess.com"]
[Source "ChessBase"]
[SourceQuality "1"]
[TimeControl "5400+30"]

1. e4 g6 2. d4 Bg7 3. Nc3 e6 4. Nf3 Ne7 5. Bf4 O-O 6. Qd2 Re8 7. Bh6 Bh8 8. g4 d5 9. e5 Nd7 10. Ng5 Nc6 11. f4 f6 12. Nf3 Nb6 13. h4 Re7 14. h5 Bg7 15. hxg6 hxg6 16. Qh2 Qf8 17. exf6 Qxf6 18. Bg5 Qf8 19. Bxe7 Qxe7 20. O-O-O Bd7 21. Qh7+ Kf8 22. Qxg6 Be8 23. Qd3 Qf6 24. Qd2 Bg6 25. Ne5 Nxe5 26. fxe5 Qf7 27. Be2 Ke7 28. Rdf1 Qe8 29. Qg5+ Kd7 30. Bd3 Bf7 31. Qxg7 Nc8 32. Rxf7+ Ne7 33. Rh7 Rd8 34. Rxe7+ Qxe7 35. Qxe7+ 1-0

[Event "Turkish Second League 2019"]
[Site "Konya"]
[Date "2019.07.22"]
[Round "1"]
[White "Arslan, Muhammed Emin"]
[Black "Akdag, Omer Amir"]
[Result "0-1"]
[ECO "A24"]
[WhiteElo "1529"]
[BlackElo "1903"]
[Annotator "NA"]
[PlyCount "104"]
[EventDate "2019.07.22"]
[EventType "team-tourn"]
[EventCountry "TUR"]
[SourceTitle "playchess.com"]
[Source "ChessBase"]
[SourceQuality "1"]
[TimeControl "5400+30"]

1. c4 Nf6 2. Nc3 g6 3. g3 Bg7 4. Bg2 O-O 5. e4 d6 6. Nge2 Nbd7 7. O-O e5 8. d3 a5 9. h3 Nc5 10. Be3 Nfd7 11. Qd2 Ne6 12. d4 exd4 13. Nxd4 Ne5 14. b3 Nxd4 15. Bxd4 Qf6 16. f4 Nf3+ 17. Rxf3 Qxd4+ 18. Qxd4 Bxd4+ 19. Kh2 a4 20. b4 Be6 21. Rd1 c5 22. Nd5 Bxd5 23. cxd5 Rfe8 24. Rfd3 f6 25. Rb1 b6 26. g4 g5 27. Kg3 a3 28. bxc5 bxc5 29. Rb6 Reb8 30. Rdb3 Rxb6 31. Rxb6 gxf4+ 32. Kxf4 c4 33. Rc6 c3 34. Rc4 Be5+ 35. Kf5 Rb8 36. Bf1 Rb2 37. Rc8+ Kg7 38. Rc7+ Kf8 39. Bc4 c2 40. Bd3 Rxa2 41. Bxc2 Rb2 42. Ke6 a2 43. Rf7+ Kg8 44. h4 a1=Q 45. Re7 Qg1 46. Re8+ Kg7 47. Re7+ Kh6 48. Bd1 Qxd1 49. g5+ Kg6 50. h5+ Qxh5 51. Rxh7 Qxh7 52. gxf6 Qf7# 0-1

[Event "Turkish Second League 2019"]
[Site "Konya"]
[Date "2019.07.22"]
[Round "1"]
[White "Koca, Cisem"]
[Black "Yesil, Azra"]
[Result "1-0"]
[ECO "B13"]
[WhiteElo "1526"]
[BlackElo "1299"]
[Annotator "NA"]
[PlyCount "111"]
[EventDate "2019.07.22"]
[EventType "team-tourn"]
[EventCountry "TUR"]
[SourceTitle "playchess.com"]
[Source "ChessBase"]
[SourceQuality "1"]
[TimeControl "5400+30"]

1. e4 c6 2. d4 d5 3. exd5 cxd5 4. Bd3 Nc6 5. c3 Nf6 6. h3 e5 7. dxe5 Nxe5 8. Qe2 Qe7 9. Bc2 Nc4 10. Qxe7+ Bxe7 11. Nf3 O-O 12. Nbd2 a6 13. Nd4 Nxd2 14. Bxd2 Bc5 15. Be3 Bxd4 16. Bxd4 Re8+ 17. Be3 Bd7 18. O-O-O Bc6 19. Bb3 h6 20. Rhe1 Rad8 21. f3 b5 22. Bd4 Rxe1 23. Rxe1 Re8 24. Rxe8+ Nxe8 25. Be5 f6 26. Bb8 Kf7 27. Kd2 Ke6 28. Ke3 Nd6 29. Bxd6 Kxd6 30. Kd4 g5 31. g3 Bb7 32. h4 Bc6 33. a3 Bb7 34. Ba2 a5 35. b4 a4 36. f4 gxh4 37. gxh4 Bc6 38. Bb1 Bd7 39. Bd3 f5 40. Be2 Bc6 41. Bh5 Bd7 42. Bg6 Bc8 43. Be8 Ba6 44. h5 Ke7 45. Bg6 Kd6 46. Bxf5 Bb7 47. Bg6 Bc6 48. Bf7 Bb7 49. Be8 Ba6 50. f5 Ke7 51. Bc6 Kf6 52. Bd7 Kg5 53. Kxd5 Kxh5 54. f6 Kg6 55. Ke6 Bb7 56. f7 1-0

[Event "Turkish Second League 2019"]
[Site "Konya"]
[Date "2019.07.22"]
[Round "1"]
[White "Kangal, Mehmet"]
[Black "Ozenir, Ekin Baris"]
[Result "0-1"]
[ECO "B00"]
[WhiteElo "1508"]
[BlackElo "2235"]
[Annotator "NA"]
[PlyCount "55"]
[EventDate "2019.07.22"]
[EventType "team-tourn"]
[EventCountry "TUR"]
[SourceTitle "playchess.com"]
[Source "ChessBase"]
[SourceQuality "1"]
[TimeControl "5400+30"]

1. e4 Nc6 2. d4 d5 3. e5 Bf5 4. Bb5 e6 5. Be3 Nge7 6. Ne2 a6 7. Bd3 Bxd3 8. Qxd3 Nf5 9. c3 Nb8 10. Nd2 c5 11. b3 Nc6 12. a3 Rc8 13. f4 cxd4 14. Bxd4 Nfxd4 15. Nxd4 Nxd4 16. cxd4 Bxa3 17. O-O Be7 18. f5 exf5 19. Qxf5 O-O 20. Rae1 Qb6 21. Qf4 Qg6 22. Nf3 Rc2 23. g3 Qe6 24. Rf2 Rxf2 25. Kxf2 Rc8 26. Rc1 h6 27. Qd2 Rc6 28. Ng1 0-1

[Event "Turkish Second League 2019"]
[Site "Konya"]
[Date "2019.07.22"]
[Round "1"]
[White "Kaya, Elif"]
[Black "Catal, Uktenur"]
[Result "0-1"]
[ECO "C01"]
[WhiteElo "1276"]
[BlackElo "1885"]
[Annotator "NA"]
[PlyCount "60"]
[EventDate "2019.07.22"]
[EventType "team-tourn"]
[EventCountry "TUR"]
[SourceTitle "playchess.com"]
[Source "ChessBase"]
[SourceQuality "1"]
[TimeControl "5400+30"]

1. e4 e6 2. d4 d5 3. exd5 exd5 4. Bd3 Bd6 5. Nc3 Nf6 6. Nge2 O-O 7. h3 c6 8. Be3 Re8 9. Qd2 Nbd7 10. g4 Ne4 11. Nxe4 dxe4 12. Bc4 Nb6 13. Bb3 a5 14. c3 a4 15. Bc2 Nc4 16. Qc1 b5 17. g5 b4 18. h4 bxc3 19. Nxc3 a3 20. bxa3 Bxa3 21. Qb1 Qa5 22. Qb3 Be6 23. d5 Bxd5 24. Qb1 Qxc3+ 25. Ke2 Nxe3 26. fxe3 Bc4+ 27. Kf2 Qd2+ 28. Kg3 Qxe3+ 29. Kg2 Qf3+ 30. Kh2 Qf2+ 0-1

[Event "Turkish Second League 2019"]
[Site "Konya"]
[Date "2019.07.23"]
[Round "2"]
[White "Zarkua, Davit"]
[Black "Bashirli, Nail"]
[Result "0-1"]
[ECO "D02"]
[WhiteElo "2440"]
[BlackElo "2367"]
[Annotator "ChessBase"]
[PlyCount "172"]
[EventDate "2019.07.22"]
[EventType "team-tourn"]
[EventCountry "TUR"]
[SourceTitle "playchess.com"]
[Source "ChessBase"]
[SourceQuality "1"]
[TimeControl "5400+30"]

1. Nf3 Nf6 2. g3 d5 3. Bg2 c6 4. O-O Bg4 5. d4 Nbd7 6. Nbd2 e6 7. Re1 Be7 8. e4 O-O 9. c3 h6 10. Qb3 Qb6 11. h3 Bh5 12. exd5 cxd5 13. Qxb6 axb6 14. Bf1 Bg6 15. a4 Bd6 16. b3 Ne4 17. Nxe4 Bxe4 18. Nd2 Bf5 19. Ba3 Bxa3 20. Rxa3 Rfc8 21. Re3 Rc7 22. g4 Bg6 23. Ra1 Rac8 24. Rc1 e5 25. Nf3 e4 26. Nd2 Nf8 27. f3 exf3 28. Nxf3 Ne6 29. c4 Be4 30. Rd1 g5 31. Ne5 Rd8 32. cxd5 Bxd5 33. Nc4 Bxc4 34. Bxc4 Nxd4 35. Kf2 Kg7 36. Red3 Rcd7 37. R1d2 Rd6 38. Kg2 Kg6 39. Kf2 Rf6+ 40. Kg2 Rf4 41. Re3 Kf6 42. Red3 Rd6 43. Rd1 Kg6 44. Re3 Kf6 45. Red3 Kg7 46. R1d2 Re4 47. Rf2 f6 48. Rfd2 Kf8 49. Kf2 Ke7 50. Rd1 f5 51. gxf5 Nxf5 52. Bd5 Rf4+ 53. Kg1 Rd7 54. Re1+ Kd8 55. Red1 Kc7 56. Rc1+ Kb8 57. Rcd1 Ka7 58. Bc4 Nd4 59. Kg2 h5 60. Rf1 Re4 61. Rf8 Rde7 62. Rd2 g4 63. hxg4 Rxg4+ 64. Kf2 h4 65. Bf1 Ne6 66. Re2 Rgg7 67. Rh8 Ref7+ 68. Ke1 Nc5 69. Ree8 Re7+ 70. Rxe7 Rxe7+ 71. Kf2 Rf7+ 72. Kg2 Rf4 73. Bc4 Nxa4 74. Kh3 Nb2 75. Bd5 Rd4 76. Bh1 Nd3 77. Rf8 Nf4+ 78. Kh2 Rd2+ 79. Kg1 Ne2+ 80. Kf2 Ng3+ 81. Ke1 Re2+ 82. Kd1 Ra2 83. Bd5 h3 84. Rf3 Ra5 85. Ke1 Rxd5 86. Rxg3 Rh5 0-1

[Event "Turkish Second League 2019"]
[Site "Konya"]
[Date "2019.07.23"]
[Round "2"]
[White "Yilmazyerli, Mert"]
[Black "Darban, Morteza"]
[Result "1/2-1/2"]
[ECO "B38"]
[WhiteElo "2420"]
[BlackElo "2282"]
[Annotator "ChessBase"]
[PlyCount "144"]
[EventDate "2019.07.22"]
[EventType "team-tourn"]
[EventCountry "TUR"]
[SourceTitle "playchess.com"]
[Source "ChessBase"]
[SourceQuality "1"]
[TimeControl "5400+30"]

1. Nf3 c5 2. e4 Nc6 3. d4 cxd4 4. Nxd4 g6 5. c4 Bg7 6. Be3 Nf6 7. Nc3 O-O 8. Be2 b6 9. O-O Bb7 10. Nxc6 Bxc6 11. f3 e6 12. Qd6 Ne8 13. Qd2 Qe7 14. Rad1 f5 15. exf5 gxf5 16. f4 Rc8 17. b3 Qb4 18. Bd4 Bxd4+ 19. Qxd4 Qc5 20. Bf3 Nf6 21. Qxc5 bxc5 22. Rd6 Ne8 23. Rd3 Rf7 24. Bxc6 Rxc6 25. Rfd1 d6 26. Re1 Ng7 27. Kf2 a6 28. Rg3 Rf6 29. Rd1 Rg6 30. Rxg6 hxg6 31. h3 Kf7 32. Kf3 Ke7 33. g4 Rc8 34. Kg3 Ne8 35. Re1 Kf7 36. Rd1 Rd8 37. Rd3 Nf6 38. Rd1 Ke7 39. Re1 Kf7 40. g5 Nh5+ 41. Kf3 Rb8 42. Rb1 Ke7 43. a3 Kd7 44. b4 cxb4 45. Rxb4 Kc7 46. Ne2 e5 47. fxe5 dxe5 48. Nc3 Rxb4 49. axb4 Kd6 50. h4 Nf4 51. Na4 Ne6 52. Nc5 Nd4+ 53. Kf2 f4 54. Nxa6 e4 55. Nc5 e3+ 56. Kf1 f3 57. Nd3 Nf5 58. b5 Nxh4 59. c5+ Kc7 60. Ne5 f2 61. Nc4 Nf5 62. Kg2 Kb8 63. Nxe3 Nxe3+ 64. Kxf2 Nf5 65. Kf3 Nd4+ 66. Ke4 Nxb5 67. Ke5 Kc7 68. Kf6 Nd4 69. Kxg6 Ne6 70. Kf6 Nxg5 71. Kxg5 Kc6 72. Kh6 Kxc5 1/2-1/2

[Event "Turkish Second League 2019"]
[Site "Konya"]
[Date "2019.07.23"]
[Round "2"]
[White "Baltag, Iulian"]
[Black "Babayev, Talib"]
[Result "1/2-1/2"]
[ECO "E91"]
[WhiteElo "2398"]
[BlackElo "2274"]
[Annotator "ChessBase"]
[PlyCount "62"]
[EventDate "2019.07.22"]
[EventType "team-tourn"]
[EventCountry "TUR"]
[SourceTitle "playchess.com"]
[Source "ChessBase"]
[SourceQuality "1"]
[TimeControl "5400+30"]

1. d4 Nf6 2. c4 g6 3. Nc3 Bg7 4. e4 d6 5. Be2 O-O 6. Bg5 Na6 7. Nf3 Qe8 8. O-O e5 9. c5 exd4 10. Bxf6 dxc3 11. Bxg7 Kxg7 12. cxd6 cxb2 13. Qd4+ Kg8 14. Qxb2 cxd6 15. Bxa6 bxa6 16. Rfe1 Bg4 17. Nd4 Qe5 18. Qd2 Rac8 19. f4 Qf6 20. h3 Rc4 21. Nb3 Be6 22. Rac1 Rfc8 23. Rxc4 Rxc4 24. Re2 Qc3 25. Qxd6 Qg3 26. Qd8+ Kg7 27. Qd2 Rc3 28. Qd4+ Kh6 29. Qf2 Bxb3 30. Qxg3 Rxg3 31. axb3 Rxb3 1/2-1/2

[Event "Turkish Second League 2019"]
[Site "Konya"]
[Date "2019.07.23"]
[Round "2"]
[White "Isik, Alparslan"]
[Black "Tofan, Ibrahim"]
[Result "0-1"]
[ECO "D38"]
[WhiteElo "2293"]
[BlackElo "2043"]
[Annotator "ChessBase"]
[PlyCount "50"]
[EventDate "2019.07.22"]
[EventType "team-tourn"]
[EventCountry "TUR"]
[SourceTitle "playchess.com"]
[Source "ChessBase"]
[SourceQuality "1"]
[TimeControl "5400+30"]

1. d4 Nf6 2. c4 e6 3. Nf3 d5 4. Nc3 Bb4 5. Qb3 c5 6. dxc5 Nc6 7. cxd5 exd5 8. Bg5 Be6 9. O-O-O Qa5 10. Bxf6 gxf6 11. Nxd5 O-O-O 12. e4 f5 13. Ng5 Qxc5+ 14. Kb1 fxe4 15. Nxe6 fxe6 16. Rc1 Qxd5 17. Qxb4 Kb8 18. Qe1 Rhf8 19. Bc4 Qd4 20. Rc2 Rf6 21. Qe2 Nb4 22. Rc3 Rxf2 23. Qg4 Qd2 24. Rb3 Rxg2 25. Qh5 Qc2+ 0-1

[Event "Turkish Second League 2019"]
[Site "Konya"]
[Date "2019.07.23"]
[Round "2"]
[White "Abdulla, Khayala"]
[Black "Aksoy, Ayca"]
[Result "1-0"]
[ECO "C10"]
[WhiteElo "2283"]
[BlackElo "1914"]
[Annotator "ChessBase"]
[PlyCount "55"]
[EventDate "2019.07.22"]
[EventType "team-tourn"]
[EventCountry "TUR"]
[SourceTitle "playchess.com"]
[Source "ChessBase"]
[SourceQuality "1"]
[TimeControl "5400+30"]

1. e4 e6 2. d4 d5 3. Nd2 dxe4 4. Nxe4 Nd7 5. Nf3 Ngf6 6. Bd3 Be7 7. c3 O-O 8. Qc2 Nxe4 9. Bxe4 Nf6 10. Bd3 b6 11. Bg5 h6 12. h4 Bb7 13. O-O-O Qd5 14. Kb1 c5 15. dxc5 Qxc5 16. Be3 Qc7 17. Bd4 a6 18. Rh3 b5 19. Be5 Qc5 20. Bd4 Qc7 21. Re1 Bd5 22. Ng5 Nd7 23. Bh7+ Kh8 24. Bg8 f5 25. Bxe6 Be4 26. Rxe4 fxe4 27. Qxe4 Nf6 28. Bxf6 1-0

[Event "Turkish Second League 2019"]
[Site "Konya"]
[Date "2019.07.23"]
[Round "2"]
[White "Buyukasik, Diyap"]
[Black "Tepe, Efe Can"]
[Result "1-0"]
[ECO "A05"]
[WhiteElo "2268"]
[BlackElo "2150"]
[Annotator "ChessBase"]
[PlyCount "89"]
[EventDate "2019.07.22"]
[EventType "team-tourn"]
[EventCountry "TUR"]
[SourceTitle "playchess.com"]
[Source "ChessBase"]
[SourceQuality "1"]
[TimeControl "5400+30"]

1. Nf3 Nf6 2. g3 g6 3. b4 Bg7 4. Bb2 O-O 5. Bg2 d6 6. O-O e5 7. d3 h6 8. Nbd2 Be6 9. c4 Qd7 10. Re1 Bh3 11. Bh1 Ng4 12. Qb3 Qf5 13. c5 Nc6 14. Rac1 Nd4 15. Bxd4 exd4 16. cxd6 cxd6 17. Bg2 Bxg2 18. Kxg2 h5 19. h3 Nxf2 20. Kxf2 Qxh3 21. Rh1 Qf5 22. Ne4 d5 23. Ned2 Rfe8 24. Rc2 Re6 25. Nf1 Bf6 26. Qb2 Rae8 27. Qc1 h4 28. gxh4 Qg4 29. Rh2 Kh7 30. h5 gxh5 31. Ng3 h4 32. Qg1 Rg8 33. Nf1 Qf4 34. Rg2 Rge8 35. Qh2 Qf5 36. Ng3 Qf4 37. Nf1 Qf5 38. Ng3 Qf4 39. Nh5 Qe3+ 40. Kf1 Be7 41. Qf4 Qxf4 42. Nxf4 Rh6 43. Nh3 f6 44. Rc7 Kh8 45. Nxd4 1-0

[Event "Turkish Second League 2019"]
[Site "Konya"]
[Date "2019.07.23"]
[Round "2"]
[White "Karaokcu, Erkin"]
[Black "Shanava, Konstantine"]
[Result "0-1"]
[ECO "A41"]
[WhiteElo "2256"]
[BlackElo "2538"]
[Annotator "ChessBase"]
[PlyCount "84"]
[EventDate "2019.07.22"]
[EventType "team-tourn"]
[EventCountry "TUR"]
[SourceTitle "playchess.com"]
[Source "ChessBase"]
[SourceQuality "1"]
[TimeControl "5400+30"]

1. Nf3 d6 2. d4 Bg4 3. Nbd2 g6 4. h3 Bd7 5. e4 Bg7 6. Bd3 Nc6 7. c3 e6 8. O-O Nge7 9. b4 h6 10. Bb2 g5 11. Re1 Ng6 12. b5 Nce7 13. e5 d5 14. g3 Nf5 15. Qc2 Kf8 16. c4 dxc4 17. Qxc4 Nfe7 18. Ne4 Nd5 19. a4 Kg8 20. Nc5 Bc8 21. Bc1 b6 22. Ne4 a6 23. Bd2 Bb7 24. Qb3 a5 25. Rac1 Bf8 26. Bb1 Be7 27. Qc4 Kg7 28. Qe2 Qd7 29. Nh2 c6 30. Bd3 Nb4 31. bxc6 Nxc6 32. Bb5 Qd5 33. Nf3 Nxd4 34. Nxd4 Qxd4 35. Rc4 Qd5 36. Be3 Rhd8 37. Bxb6 Nxe5 38. Bxd8 Rxd8 39. Rcc1 Bb4 40. Rcd1 Qxe4 41. Qxe4 Bxe4 42. Rxd8 Bxe1 0-1

[Event "Turkish Second League 2019"]
[Site "Konya"]
[Date "2019.07.23"]
[Round "2"]
[White "Ozturk, Emir"]
[Black "Erdogan, Yunus Emre"]
[Result "0-1"]
[ECO "A59"]
[WhiteElo "2216"]
[BlackElo "1833"]
[Annotator "ChessBase"]
[PlyCount "66"]
[EventDate "2019.07.22"]
[EventType "team-tourn"]
[EventCountry "TUR"]
[SourceTitle "playchess.com"]
[Source "ChessBase"]
[SourceQuality "1"]
[TimeControl "5400+30"]

1. d4 Nf6 2. c4 c5 3. d5 b5 4. cxb5 a6 5. bxa6 g6 6. Nc3 Bxa6 7. e4 Bxf1 8. Kxf1 d6 9. Nge2 Bg7 10. g3 O-O 11. Kg2 Nbd7 12. Qc2 Qa5 13. Bd2 Rfb8 14. f3 Ne5 15. b3 c4 16. f4 Nd3 17. bxc4 Nb4 18. Qc1 Qc5 19. e5 dxe5 20. fxe5 Ng4 21. Ne4 Qa7 22. h3 Nxe5 23. Be3 Qa6 24. Bd4 Nxc4 25. Bxg7 Kxg7 26. Nf4 Nc2 27. Kh2 Nxa1 28. Qxa1+ Kg8 29. Nc3 Rb2+ 30. Nfe2 Qf6 31. Qe1 Nd2 32. Kg2 Qf3+ 33. Kh2 Qxc3 0-1

[Event "Turkish Second League 2019"]
[Site "Konya"]
[Date "2019.07.23"]
[Round "2"]
[White "Topak, Engin"]
[Black "Karaoglan, Doruk"]
[Result "1-0"]
[ECO "A65"]
[WhiteElo "2206"]
[BlackElo "2278"]
[Annotator "ChessBase"]
[PlyCount "81"]
[EventDate "2019.07.22"]
[EventType "team-tourn"]
[EventCountry "TUR"]
[SourceTitle "playchess.com"]
[Source "ChessBase"]
[SourceQuality "1"]
[TimeControl "5400+30"]

1. d4 Nf6 2. c4 g6 3. Nc3 Bg7 4. e4 d6 5. f3 O-O 6. Be3 c5 7. d5 e6 8. Qd2 exd5 9. cxd5 Re8 10. Nge2 Nbd7 11. Ng3 h5 12. Be2 Ne5 13. O-O h4 14. Nh1 Nh7 15. Nf2 f5 16. exf5 gxf5 17. Bh6 Bf6 18. Nh3 Nf7 19. Bf4 Nf8 20. Bd3 Ng6 21. Qc2 Bd4+ 22. Kh1 Qf6 23. Bd2 a6 24. Ne2 Bxb2 25. Rab1 Rxe2 26. Bxe2 Bd4 27. f4 b5 28. Ng5 Bb7 29. Bf3 Ne7 30. Rbe1 Nd8 31. Ne6 Nxe6 32. Rxe6 Qf7 33. Rxd6 Bxd5 34. Bc3 Bxc3 35. Qxc3 Bxf3 36. gxf3 Kh7 37. Qxc5 Rc8 38. Qf2 Ng6 39. Rg1 Rg8 40. Rxa6 Qc7 41. Ra7 1-0

[Event "Turkish Second League 2019"]
[Site "Konya"]
[Date "2019.07.23"]
[Round "2"]
[White "Kizilkus, Akin"]
[Black "Ozenir, Ekin Baris"]
[Result "0-1"]
[ECO "E46"]
[WhiteElo "2162"]
[BlackElo "2235"]
[Annotator "ChessBase"]
[PlyCount "90"]
[EventDate "2019.07.22"]
[EventType "team-tourn"]
[EventCountry "TUR"]
[SourceTitle "playchess.com"]
[Source "ChessBase"]
[SourceQuality "1"]
[TimeControl "5400+30"]

1. d4 Nf6 2. c4 e6 3. Nc3 Bb4 4. e3 O-O 5. Nge2 d5 6. a3 Bd6 7. Ng3 c5 8. dxc5 Bxc5 9. b4 Be7 10. Bb2 a5 11. b5 dxc4 12. Bxc4 Nbd7 13. O-O Qc7 14. Qe2 b6 15. Rac1 Bb7 16. Bd3 Qd8 17. f4 Re8 18. Kh1 Rc8 19. Bb1 Rc7 20. e4 e5 21. f5 Nc5 22. Rcd1 Qa8 23. Nd5 Bxd5 24. exd5 Bd6 25. Nh5 Nxh5 26. Qxh5 f6 27. Qg4 Qd8 28. Rf3 Qe7 29. a4 Rec8 30. Rh3 Qf7 31. Qh4 h6 32. Rg3 Kf8 33. Re3 Nb7 34. Re4 Bc5 35. d6 Nxd6 36. Rg4 Rd7 37. Qe1 Rcd8 38. Rc1 Qh5 39. h3 Nxf5 40. Re4 Nd4 41. Ba2 Nc2 42. Qc3 Rd1+ 43. Rxd1 Qxd1+ 44. Kh2 Bg1+ 45. Kg3 Rd3+ 0-1

[Event "Turkish Second League 2019"]
[Site "Konya"]
[Date "2019.07.23"]
[Round "2"]
[White "Duman, Aydin"]
[Black "Demirci, Fatih"]
[Result "1-0"]
[ECO "B14"]
[WhiteElo "2059"]
[BlackElo "1763"]
[Annotator "NA"]
[PlyCount "111"]
[EventDate "2019.07.22"]
[EventType "team-tourn"]
[EventCountry "TUR"]
[SourceTitle "playchess.com"]
[Source "ChessBase"]
[SourceQuality "1"]
[TimeControl "5400+30"]

1. e4 c6 2. c4 d5 3. exd5 cxd5 4. d4 Nf6 5. Nc3 g6 6. Qb3 Bg7 7. cxd5 O-O 8. Nge2 Nbd7 9. g3 Nb6 10. Bg2 Bf5 11. O-O Bd3 12. d6 exd6 {[%emt 0:08:30] B14: Caro-Kann: Panov-Botvinnik Attack with 5...e6 and 5...g6} 13. Bxb7 {[%emt 0:01:30] [#]} d5 $146 ({Predecessor:} 13... Rb8 14. Bf3 Qd7 15. Nd5 Bxe2 16. Nxf6+ Bxf6 17. Bxe2 Bxd4 18. Bh6 Rfc8 19. Rad1 Be5 20. Ba6 {½-½ (31) Kobese,W (2390)-Rogers,I (2564) Turin 2006}) 14. Bxa8 Qxa8 15. Qd1 Bf5 16. Nf4 Ne4 17. f3 Nxc3 18. bxc3 Qc6 19. Qb3 Rc8 20. g4 Bd7 21. Ne2 Qe6 22. Nf4 (22. Rf2 $16) 22... Qc6 $1 23. Be3 Nc4 24. Ng2 h5 25. h3 Qa6 26. Rab1 hxg4 $18 27. fxg4 Nxe3 28. Nxe3 Qd3 29. Rbe1 Bh6 30. Rf3 Re8 31. Qxd5 Be6 32. Nf5 Qd2 33. Nxh6+ Qxh6 34. Qe5 Rd8 35. Qf4 Qh4 36. Rxe6 fxe6 37. Qf7+ Kh8 38. Qf6+ Qxf6 39. Rxf6 Rc8 40. Rf3 Kg7 41. Kf2 Rc6 42. Re3 Kf6 43. Kf3 g5 44. Ke4 Rb6 45. Rf3+ Ke7 46. c4 Ra6 47. a3 Ra4 48. c5 Rc4 49. Rb3 Kf6 50. Kd3 Rc1 51. Rc3 Rb1 52. c6 Rb8 53. c7 Rc8 54. Ke4 Ke7 55. Ke5 Kd7 56. Rc5 1-0